[Event "*** Titled Tuesday Blitz"]
[Site "Chess.com"]
[Date "2019.01.01"]
[Round "7"]
[White "Fivetrick"]
[Black "WPWPWP-2015"]
[Result "0-1"]
[WhiteElo "2614"]
[BlackElo "2308"]
[TimeControl "180+2"]
[EndTime "14:39:27 PST"]
[Termination "WPWPWP-2015 won by resignation"]

1. e4 c5 2. Nf3 d6 3. d4 cxd4 4.
Nxd4 Nf6 5. Nc3 a6 6. Bg5 e6 7. f4 h6 8. Bh4 Qb6 9. Qd2 Qxb2 10. Rb1 Qa3 11. e5 dxe5 12. fxe5 g5 13. exf6 gxh4 14.
Be2 Bc5 15. Ne4 Nd7 16. O-O e5 17. Nxc5 Qxc5 18. c3 exd4 19. cxd4 Qg5 20. Qb4 Nxf6 21. Qd6 Qe3+ 22. Kh1 Qe7 23. Bb5+ axb5 24. Rbe1 Be6 25.
Qe5 Rg8 26. Rxf6 h3 27. d5 hxg2+ 28. Kg1 Rg5 29. Qe2 Qc5+ 30. Rf2 Qxd5 31. Rd1 Qc5 32. Qd2 Rf5 0-1

[Event "*** Titled Tuesday Blitz"]
[Site "Chess.com"]
[Date "2019.01.01"]
[Round "7"]
[White "rasmussvane"]
[Black "Matibar"]
[Result "0-1"]
[WhiteElo "2716"]
[BlackElo "2808"]
[TimeControl "180+2"]
[EndTime "14:39:28 PST"]
[Termination "Matibar won by checkmate"]

1. Nf3 b6 2. g3 Bb7 3. Bg2 g6 4. O-O Bg7 5. d4 Nf6 6. c4 e6 7. Qc2 O-O 8. Nc3 d5 9. cxd5 exd5 10. Bg5 h6 11. Bxf6 Qxf6 12. Ne5 Rd8 13. f4 c5 14.
dxc5 Na6 15. Rad1 Rac8 16. Nxd5 Rxd5 17. Bxd5 Nb4 18. Qb3 Nxd5 19. Rxd5 Bxd5 20. Qxd5 Rxc5 21. Qa8+ Kh7 22. Qe4 Qe6 23. b4 Rd5 24. Rf3 f5 25. Qc2 Bxe5 26. fxe5 Qxe5 27. Rc3 Rd7 28. Rc8 Qd4+ 29.
Kg2 Qxb4 30. a3 Qd4 31. Qa2 Qe4+ 32. Kf2 Rg7 33. a4 f4 34. Qc4 fxg3+ 35. hxg3 Qf5+ 36.
Kg2 Rf7 37. Qc3 Qf1+ 38. Kh2 Rf2# 0-1

[Event "*** Titled Tuesday Blitz"]
[Site "Chess.com"]
[Date "2019.01.01"]
[Round "7"]
[White "swisspower96"]
[Black "Nathan_Filgueiras"]
[Result "1-0"]
[WhiteElo "2531"]
[BlackElo "2346"]
[TimeControl "180+2"]
[EndTime "14:39:28 PST"]
[Termination "swisspower96 won by checkmate"]

1. e4 c5 2. d4 cxd4 3. c3 Nf6 4. e5 Nd5 5. Bc4 Nb6 6. Bb3 Nc6 7. cxd4 d6 8. Nf3 dxe5 9. d5 Na5 10. Nc3 Nxb3 11. Qxb3 f6 12. Be3 e6 13. dxe6 Qe7 14. Bxb6 axb6 15. Nd5 Qc5 16. O-O Bxe6 17. Nc7+ Qxc7 18. Qxe6+ Be7 19. Rfd1 Qc6 20. Qb3 Rc8 21. h4 b5 22.
Rd5 b4 23. Nd2 Qc2 24. Qh3 Kf7 25. Nb3 Rhd8 26. Rb5 Rc7 27. h5 Rd1+ 28. Rxd1 Qxd1+ 29. Kh2 Qd7 30. Qxd7 Rxd7 31. Na5 Rd2 32. Rxb7 Rxb2 33. Nc6 Rxa2 34. Rxe7+ Kf8 35. Rb7 Rxf2 36. Nxb4 Rf5 37. g4 Rf4 38. Kg3 Rc4 39. Nd5 Rd4 40. Nc7 Rd3+ 41. Kf2 g5 42. Ne6+ Kg8 43. Rg7+ Kh8 44. Rf7 Ra3 45. Rf8# 1-0

[Event "*** Titled Tuesday Blitz"]
[Site "Chess.com"]
[Date "2019.01.01"]
[Round "7"]
[White "Paralinch"]
[Black "Zhuu96"]
[Result "1-0"]
[WhiteElo "2924"]
[BlackElo "2875"]
[TimeControl "180+2"]
[EndTime "14:39:29 PST"]
[Termination "Paralinch won by resignation"]

1. e4 c5 2. Nf3 d6 3. d4 cxd4 4. Nxd4 Nf6 5. Nc3 a6 6. Be3 e6 7.
Be2 Be7 8. O-O O-O 9. a4 Qc7 10. f4 b6 11. Bf3 Bb7 12. Kh1 Nbd7 13. Qe2 Nc5 14. Bg1 Rac8 15. Rad1 Rfe8 16. g4 Bf8 17. g5 Nfd7 18. Bg2 g6 19. Nb3 Bg7 20. Nxc5 Nxc5 21. Bd4 Bxd4 22. Rxd4 e5 23. fxe5 dxe5 24. Rc4 Qe7 25. Nd5 Bxd5 26. exd5 Qxg5 27. b4 Nd7 28. Rc6 e4 29. Rxc8 Rxc8 30. Qxe4 Qe5 31. Qd3 Rc3 32. Qxa6 Rxc2 33. a5 Qd6 34. Qa8+ Kg7 35. a6 Nf6 36. Qb7 Rc7 37. Qxc7 Qxc7 38. d6 Qa7 39. b5 Ne8 40. Rd1 Qd7 41. Bc6 Qg4 42. Rg1 Qa4 43. d7 Nf6 44. d8=Q Ng4 45. Qd2 1-0

[Event "*** Titled Tuesday Blitz"]
[Site "Chess.com"]
[Date "2019.01.01"]
[Round "7"]
[White "Tulipaz"]
[Black "nochewycandy"]
[Result "0-1"]
[WhiteElo "2451"]
[BlackElo "2269"]
[TimeControl "180+2"]
[EndTime "14:39:29 PST"]
[Termination "nochewycandy won on time"]

1. c4 Nf6 2. g3 g6 3. Bg2 Bg7 4. Nc3 O-O 5. e3 c6 6. Nge2 d5 7. cxd5 cxd5 8. d4 Nc6 9. O-O a6 10. Bd2 e6 11. Rc1 Bd7 12. Na4 Be8 13. Qb3 Ra7 14.
Rc2 e5 15. Rfc1 exd4 16. exd4 Ne4 17. Be3 Na5 18. Qb6 Bxa4 19. Qxa7 Bxc2 20. Rxc2 Re8 21. b3 Qd7 22. Qb6 Nc6 23. h3 h6 24. Kh2 Kh7 25.
a3 Qe7 26. b4 Qd7 27. a4 Re6 28. b5 Nxd4 29. Bxd4 Rxb6 30. Bxb6 axb5 31. a5 Be5 32.
Nd4 h5 33. h4 Qg4 34. Nf3 Bd6 35. Bd4 f6 0-1

[Event "*** Titled Tuesday Blitz"]
[Site "Chess.com"]
[Date "2019.01.01"]
[Round "7"]
[White "Kirill_Klukin"]
[Black "evgenyermolaev"]
[Result "1-0"]
[WhiteElo "2600"]
[BlackElo "2481"]
[TimeControl "180+2"]
[EndTime "14:39:30 PST"]
[Termination "Kirill_Klukin won on time"]

1. d4 Nf6 2. Nf3 c5 3. d5 b5 4.
c4 b4 5. Nbd2 g6 6. e4 d6 7. g3 Bg7 8. Bg2 O-O 9. O-O e6 10. Re1 exd5 11. cxd5 Nbd7 12. Nc4 Nb6 13. Qc2 Nxc4 14. Qxc4 a5 15. Bf4 Ba6 16. Qc2 Re8 17.
Rad1 Qb6 18. e5 Nh5 19. e6 Nxf4 20.
exf7+ Kxf7 21. Ng5+ Kg8 22. gxf4 c4 23. Bh3 b3 24.
axb3 cxb3 25. Qd2 Rf8 26. Be6+ Kh8 27. Re3 h6 28. Nf7+ Kh7 29. f5 g5 30. Nxg5+ hxg5 31. Rh3+ Bh6 32. Qxg5 Rf6 33. Qxf6 1-0

[Event "*** Titled Tuesday Blitz"]
[Site "Chess.com"]
[Date "2019.01.01"]
[Round "7"]
[White "Makalexa"]
[Black "albi1999"]
[Result "0-1"]
[WhiteElo "2146"]
[BlackElo "2452"]
[TimeControl "180+2"]
[EndTime "14:39:30 PST"]
[Termination "albi1999 won by checkmate"]

1. e4 e5 2. Nf3 Nc6 3. Bb5 a6 4. Ba4 d6 5. O-O Bd7 6. c3 g6 7. d3 Bg7 8. Nbd2 Nf6 9. Bc2 O-O 10.
Nc4 h6 11. Ne3 Kh7 12. h3 Nh5 13. Ng4 Nf4 14. Bxf4 exf4 15. d4 Kh8 16. Qe2 h5 17. Ngh2 Qf6 18. Rfe1 Rae8 19. Nf1 Re7 20. N1d2 g5 21.
Nh2 Qh6 22. Bd1 Rfe8 23. Qxh5 Qxh5 24. Bxh5 Kg8 25. Bg4 f5 26. Bh5 Rf8 27. exf5 Bxf5 28. Rxe7 Nxe7 29. Bg4 Bd3 30. Nhf3 Bf6 31. Re1 Kg7 32.
Ne4 Bxe4 33. Rxe4 b5 34. Be6 a5 35. d5 Ng6 36. Kf1 Rb8 37. Nd4 Bxd4 38. Rxd4 Kf6 39.
Ke2 c6 40. Rd1 Ne5 41. b3 Rh8 42. g3 f3+ 43. Ke3 Re8 44. Kd4 Ra8 45. Bg4 c5+ 46. Ke3 b4 47. c4 a4 48. Bxf3 axb3 49. axb3 Ra3 50. Rb1 Nxc4+ 51. Kd3 Ne5+ 52. Ke4 Ra2 53. Bg2 Re2# 0-1

[Event "*** Titled Tuesday Blitz"]
[Site "Chess.com"]
[Date "2019.01.01"]
[Round "7"]
[White "Alopekos"]
[Black "Quiet_Desperation"]
[Result "0-1"]
[WhiteElo "2458"]
[BlackElo "2381"]
[TimeControl "180+2"]
[EndTime "14:39:32 PST"]
[Termination "Quiet_Desperation won by resignation"]

1. e4 Nc6 2. Nf3 d6 3. d4 Nf6 4.
d5 Ne5 5. Nd4 c5 6. dxc6 Nxc6 7.
Nc3 g6 8. Be3 Bg7 9. f3 O-O 10.
Qd2 Bd7 11. O-O-O Ne5 12. g4 Rc8 13. h4 Nc4 14. Bxc4 Rxc4 15. h5 b5 16. hxg6 fxg6 17. Bh6 Nxe4 18. Nxe4 Rxd4 19. Qh2 Rxd1+ 20. Kxd1 Be5 21.
Bf4 Rxf4 22. Qxh7+ Kf8 23. Qh6+ Kf7 24. Ng5+ Kf6 25. Nh7+ Ke6 26. Rh5 Rd4+ 27. Ke1 Kd5 28. Qxg6 Kc6 29. c3 Bg3+ 30. Ke2 Be8 31. Qf5 Bxh5 32.
cxd4 Be8 33. Ng5 Bd7 34. Qc2+ Kb7 35. Ne4 Bf4 36. Nc3 e5 37. Qe4+ Bc6 38. d5 Bd7 39.
Qb4 Qb6 40. Ne4 Qe3+ 0-1

[Event "*** Titled Tuesday Blitz"]
[Site "Chess.com"]
[Date "2019.01.01"]
[Round "7"]
[White "Zufi1811"]
[Black "Chessmatus"]
[Result "1-0"]
[WhiteElo "2418"]
[BlackElo "2192"]
[TimeControl "180+2"]
[EndTime "14:39:32 PST"]
[Termination "Zufi1811 won by resignation"]

1. e4 c5 2. Nf3 d6 3. d4 cxd4 4. Nxd4 Nf6 5. Nc3 a6 6. h3 e5 7.
Nb3 Be6 8. Be3 Be7 9. Qf3 b5 10. O-O-O O-O 11. g4 b4 12. Nd5 Nxd5 13. exd5 Bc8 14.
Kb1 a5 15. Bd3 a4 16. Nd2 Ba6 17. Ne4 Nd7 18. g5 a3 19. b3 Bxd3 20. cxd3 f5 21. gxf6 Nxf6 22. Ng5 Qc8 23. Rc1 Qb7 24. Rc6 e4 25.
Qf5 Qd7 26. Qxd7 Nxd7 27. Ne6 Rfc8 28. dxe4 Ne5 29. Rxc8+ Rxc8 30. Rc1 Rxc1+ 31. Kxc1 Bf6 32. f4 Nd3+ 33. Kd2 Nb2 34. Bd4 Bh4 35. Nc7 Bg3 36. Be3 Bh4 37. Na6 Bf6 38. Nxb4 Kf7 39. Nc2 Be7 40.
Nxa3 Bd8 41. Bd4 Be7 42. Bxb2 1-0

[Event "*** Titled Tuesday Blitz"]
[Site "Chess.com"]
[Date "2019.01.01"]
[Round "7"]
[White "novocane"]
[Black "WinnerOleg"]
[Result "0-1"]
[WhiteElo "2125"]
[BlackElo "2377"]
[TimeControl "180+2"]
[EndTime "14:39:32 PST"]
[Termination "WinnerOleg won on time"]

1. d4 Nf6 2. c4 e6 3. Nc3 Bb4 4. e3 O-O 5. Ne2 d5 6. a3 Be7 7.
Nf4 c6 8. Be2 dxc4 9. Bxc4 b5 10. Ba2 a6 11. O-O Bb7 12. Bxe6 fxe6 13. Nxe6 Qd7 14.
Nxf8 Bxf8 15. b4 a5 16. Bd2 axb4 17. axb4 Rxa1 18. Qxa1 Bxb4 19. Qa7 Bd6 20. e4 b4 21. e5 bxc3 22. exd6 cxd2 23. Qxb8+ Kf7 24. Rd1 Ne4 25. Qc7 Ke6 26. f3 Nxd6 27. Qb8 Nc4 28. Qg8+ Qf7 29. Qxh7 Ba6 30. Qe4+ Kd6 31. Ra1 Bb5 32. f4 g6 33.
Rd1 Qf5 34. Qe2 Qxf4 0-1

[Event "*** Titled Tuesday Blitz"]
[Site "Chess.com"]
[Date "2019.01.01"]
[Round "7"]
[White "BrianWall"]
[Black "Grieve72"]
[Result "1-0"]
[WhiteElo "2213"]
[BlackElo "2325"]
[TimeControl "180+2"]
[EndTime "14:39:34 PST"]
[Termination "BrianWall won by resignation"]

1. e4 d6 2. d4 Nf6 3. Nc3 Nbd7 4. Nf3 e5 5. Be2 c6 6. Be3 Qc7 7. h3 Be7 8. Qd2 b5 9. Bd3 h6 10. Ne2 Nf8 11. c3 a5 12. a4 b4 13. Ng3 bxc3 14. bxc3 Ng6 15. O-O O-O 16. Rab1 Be6 17. Nf5 Rfb8 18. Bxh6 gxh6 19. Qxh6 Bxf5 20. exf5 Nf4 21.
dxe5 dxe5 22. Bc4 Qd6 23. g3 Ne4 24. f6 Qxf6 25. Qxf6 Bxf6 26. gxf4 exf4 27. Nd4 Rxb1 28. Rxb1 Nd2 29. Bxf7+ Kxf7 30. Rb7+ Kg6 31. Nxc6 f3 32.
Kh2 Nf1+ 33. Kg1 Rc8 34. Rb6 Nd2 35. Ne7+ Kf7 36. Nxc8 Bxc3 37. Nd6+ Ke7 38. Nf5+ Kd7 39. h4 Ne4 40. h5 Nf6 41. h6 Kc7 42. Re6 Kd7 43.
Rd6+ Kc7 44. Ra6 Kb7 45. Re6 Kc8 46. Re7 Ng8 47. Re8+ Kd7 48. Rxg8 1-0

[Event "*** Titled Tuesday Blitz"]
[Site "Chess.com"]
[Date "2019.01.01"]
[Round "7"]
[White "Siemba"]
[Black "NCchamp"]
[Result "1-0"]
[WhiteElo "2131"]
[BlackElo "2179"]
[TimeControl "180+2"]
[EndTime "14:39:35 PST"]
[Termination "Siemba won by resignation"]

1. e4 c5 2. Nf3 e6 3. d4 cxd4 4. Nxd4 Nf6 5. Nc3 Nc6 6. Ndb5 Bc5 7. Bf4 O-O 8. Bc7 Qe7 9. Bd6 Bxd6 10. Qxd6 Ne8 11.
Qxe7 Nxe7 12. O-O-O f5 13. e5 Ng6 14. Re1 a6 15. Nd4 b5 16. a4 b4 17. Nb1 Bb7 18.
Nd2 Rc8 19. h4 Nf4 20. Rh2 Rc5 21. g3 Nd5 22. N2b3 Rc8 23. Na5 Ba8 24. Bxa6 Rc7 25. Bb5 Ra7 26. Nc4 Rf7 27. f4 Nec7 28. Nd6 Rf8 29. Bxd7 Rd8 30. Bxe6+ Nxe6 31. Nxe6 Rb8 32. b3 Nc3 33. Rd2 Bd5 34. Nd4 Be4 35. N4xf5 Bxf5 36. Nxf5 g6 37. Nd4 Rc7 38. e6 Re8 39. f5 gxf5 40. Nxf5 Rc6 41. e7 Rf6 42. Nd6 Rxe7 43. Rg1 Rd7 44.
Ne4 Rxd2 45. Nxf6+ Kf7 46. Kxd2 Ne4+ 47. Nxe4 1-0

[Event "*** Titled Tuesday Blitz"]
[Site "Chess.com"]
[Date "2019.01.01"]
[Round "7"]
[White "JoakimVonAnd"]
[Black "AnonymousBread"]
[Result "1-0"]
[WhiteElo "2354"]
[BlackElo "2522"]
[TimeControl "180+2"]
[EndTime "14:39:35 PST"]
[Termination "JoakimVonAnd won on time"]

1. d4 Nf6 2. c4 g6 3. Nc3 Bg7 4. e4 d6 5. h3 O-O 6. Be3 e5 7. d5 Nh5 8. g3 Qe8 9. Be2 Nf6 10. g4 a5 11. Nf3 Na6 12. Nd2 Nc5 13. h4 b6 14. a3 Nfd7 15. b4 axb4 16. axb4 Rxa1 17. Qxa1 Na6 18. Qb2 f5 19. gxf5 gxf5 20. exf5 e4 21. Rg1 Kh8 22. Rxg7 Kxg7 23. Ncxe4+ Ne5 24. f4 Bxf5 25. Ng3 Qg6 26. Ndf1 Nxb4 27. fxe5 Nc2+ 28. Kd2 Nxe3 29. e6+ Kg8 30. Kxe3 Bg4 31.
Ne4 Bf5 32. Nfg3 Qh6+ 33. Kd3 Qxh4 34. Nxf5 Rxf5 35. Qc1 Re5 36. Qe3 Qh1 37. Qg3+ Kf8 38. Qf4+ 1-0

[Event "*** Titled Tuesday Blitz"]
[Site "Chess.com"]
[Date "2019.01.01"]
[Round "7"]
[White "ElenaPershina"]
[Black "Morshynska"]
[Result "0-1"]
[WhiteElo "1922"]
[BlackElo "2091"]
[TimeControl "180+2"]
[EndTime "14:39:36 PST"]
[Termination "Morshynska won by resignation"]

1. c4 e5 2. g3 Nf6 3. Bg2 Nc6 4. e3 d5 5. cxd5 Nxd5 6. a3 Be6 7. Ne2 Qd7 8. O-O a5 9. Nbc3 h5 10. Nxd5 Bxd5 11.
h4 g5 12. Bxd5 Qxd5 13. Nc3 Qe6 14. Qa4 gxh4 15. Qxh4 Be7 16. Qe4 O-O-O 17. b4 f5 18. Qf3 e4 19. Qe2 h4 20. Bb2 Ne5 21. f4 Nf3+ 22. Rxf3 exf3 23. Qxf3 hxg3 24. Nb5 Bf6 25. Rc1 Rd7 26. Bxf6 Qxf6 27. bxa5 Kb8 28. Nd4 g2 29. a6 Qxa6 30. Qxg2 Qf6 31. Kf2 Rg7 32. Nc6+ bxc6 33. Rb1+ Kc8 34. Qf3 Rh2+ 35. Kf1 Qg6 0-1

[Event "*** Titled Tuesday Blitz"]
[Site "Chess.com"]
[Date "2019.01.01"]
[Round "7"]
[White "nihalsarin"]
[Black "jcibarra"]
[Result "1-0"]
[WhiteElo "2958"]
[BlackElo "2740"]
[TimeControl "180+2"]
[EndTime "14:39:38 PST"]
[Termination "nihalsarin won by resignation"]

1. d4 Nf6 2. Bg5 d5 3. e3 c5 4. dxc5 e6 5. Nf3 Bxc5 6. Nbd2 O-O 7. Bd3 b6 8. e4 Be7 9. h4 h6 10. Bxf6 Bxf6 11. e5 Be7 12. Nd4 Ba6 13. Qh5 Bxd3 14. cxd3 Qd7 15. Rc1 Rc8 16. Rxc8+ Qxc8 17. O-O Nd7 18.
a3 Qc7 19. N2f3 Bf8 20. Re1 g6 21. Qg4 h5 22. Qf4 Bg7 23. Nb5 Qc2 24. Nd6 Rf8 25. d4 f6 26. exf6 Rxf6 27. Qe3 Kf8 28. Ng5 Ke7 29. Nxe6 Kxd6 30. Nxg7 Rf8 31. Rc1 Qe4 32.
Qg5 Qf4 33. Ne8+ Ke6 34. Re1+ Qe4 35. Rxe4+ dxe4 36. Qxg6+ Ke7 37. Nc7 Nf6 38. d5 Kd6 39.
Ne6 1-0

[Event "*** Titled Tuesday Blitz"]
[Site "Chess.com"]
[Date "2019.01.01"]
[Round "7"]
[White "aquaticpineapples"]
[Black "nitpicker"]
[Result "0-1"]
[WhiteElo "2091"]
[BlackElo "2218"]
[TimeControl "180+2"]
[EndTime "14:39:40 PST"]
[Termination "nitpicker won by resignation"]

1. d4 Nf6 2. Nf3 b6 3. e3 Bb7 4. Bd3 e6 5. O-O d6 6. Qe2 Nbd7 7. b3 g6 8. Bb2 Bg7 9. c4 O-O 10. Nbd2 Qe7 11. e4 e5 12. Rfe1 Rae8 13. Rad1 Nh5 14. d5 Nf4 15. Qf1 Nxd3 16. Qxd3 Nc5 17. Qc2 f5 18. b4 Nxe4 19. Nxe4 fxe4 20. Rxe4 Bc8 21. Ree1 Bg4 22. Rc1 Rxf3 23. gxf3 Bxf3 24. Re4 Qg5+ 25. Kf1 Qg2+ 26. Ke1 Bxe4 27. Qe2 Bh6 28. Rc3 Qg1+ 29. Qf1 Qxf1+ 30. Kxf1 Rf8 31. Ra3 Bd2 32.
Rxa7 Bd3+ 33. Kg1 Rf5 34. h4 Rf7 35. c5 Bxb4 36. cxb6 cxb6 37. Ra8+ Kg7 38. Bc1 Bc5 39. h5 gxh5 40. Bg5 Rxf2 41. Kh1 Be4+ 42. Kg1 Rf8+ 0-1

[Event "*** Titled Tuesday Blitz"]
[Site "Chess.com"]
[Date "2019.01.01"]
[Round "7"]
[White "G_Threepwood"]
[Black "gmcorrales"]
[Result "1-0"]
[WhiteElo "2514"]
[BlackElo "2744"]
[TimeControl "180+2"]
[EndTime "14:39:41 PST"]
[Termination "G_Threepwood won by resignation"]

1. e4 Nf6 2. e5 Nd5 3. Nc3 Nxc3 4. dxc3 d6 5. Bf4 Nc6 6. Nf3 Bg4 7. Bb5 a6 8. Bxc6+ bxc6 9. h3 Bh5 10. g4 Bg6 11.
Qe2 e6 12. O-O-O d5 13. c4 Qb8 14. h4 Qb4 15. Nd4 c5 16. Nc6 Qa4 17. h5 Qxc6 18.
hxg6 fxg6 19. cxd5 exd5 20. Qf3 Rd8 21. c4 Qa4 22.
cxd5 Qxa2 23. d6 cxd6 24. exd6 Rd7 25. Bg5 Bxd6 26. Rhe1+ Be7 27. Rxd7 Qa1+ 28. Kc2 Qa4+ 29. Kb1 Qxd7 30. Rxe7+ Qxe7 31. Bxe7 Kxe7 32. Qb7+ Kf6 33. Qxa6+ Kg5 34. Qc6 Kxg4 35. Qxc5 h5 36. Qd4+ Kg5 37. Qxg7 Re8 38. f4+ Kh4 39. Qf6+ Kh3 40. Qxg6 h4 41.
Qxe8 1-0

[Event "*** Titled Tuesday Blitz"]
[Site "Chess.com"]
[Date "2019.01.01"]
[Round "7"]
[White "StephenDedalus83"]
[Black "Mikhail_Golubev"]
[Result "0-1"]
[WhiteElo "2705"]
[BlackElo "2521"]
[TimeControl "180+2"]
[EndTime "14:39:52 PST"]
[Termination "Mikhail_Golubev won by checkmate"]

1. e4 c5 2. Nf3 d6 3. d4 Nf6 4.
Nc3 cxd4 5. Nxd4 g6 6. Be3 Bg7 7. f3 a6 8. Qd2 h5 9. Bc4 Nbd7 10. O-O Qc7 11. Bb3 Nc5 12. Rae1 O-O 13. Kh1 e5 14. Nde2 Nxb3 15. axb3 b5 16. Rd1 b4 17. Na4 a5 18. Nb6 Ra6 19. Nc4 Be6 20. Nxd6 Rd8 21.
Nb5 Rxd2 22. Nxc7 Rxe2 23. Nxa6 Rxe3 24. Rf2 h4 25. Nc5 Nh5 26. Kg1 Bf6 27. Rfd2 Be7 28. Nb7 h3 29. Kf2 Bg5 30. g3 f5 31. Nc5 Kf7 32.
Rd6 fxe4 33. Nxe6 Rxf3+ 34. Ke2 Re3+ 35. Kf1 Rf3+ 36. Kg1 Be3+ 37. Kh1 Nf6 38. Nd8+ Ke8 39. Nc6 Ng4 40. Rd8+ Kf7 41. R1d7+ Kf6 42. Rd6+ Kg5 43. R6d7 Rf1# 0-1

[Event "*** Titled Tuesday Blitz"]
[Site "Chess.com"]
[Date "2019.01.01"]
[Round "7"]
[White "LucaBrasi1968"]
[Black "MikeSailer"]
[Result "1-0"]
[WhiteElo "2376"]
[BlackElo "2101"]
[TimeControl "180+2"]
[EndTime "14:39:53 PST"]
[Termination "LucaBrasi1968 won by resignation"]

1. e4 d5 2. exd5 Qxd5 3. Nc3 Qd8 4. Bc4 Nf6 5. Nge2 a6 6. O-O b5 7.
Bb3 e6 8. d4 Bb7 9. Bg5 Be7 10.
a4 b4 11. Nb1 a5 12. c4 bxc3 13. bxc3 O-O 14. Nd2 Nbd7 15. Rb1 Rb8 16. Nc4 Be4 17.
Bc2 Bxc2 18. Qxc2 Rxb1 19. Rxb1 c5 20. Be3 cxd4 21. Bxd4 Nd5 22. Rb5 Qc7 23. Nxa5 Ra8 24. Nb3 Rxa4 25. g3 Rc4 26. Qd3 h6 27. Nd2 Ra4 28.
Nf3 Ra1+ 29. Rb1 Rxb1+ 30. Qxb1 N7b6 31. Qd3 Nc4 32. h4 f6 33. Qe4 Qc6 34. Nf4 Kf7 35.
Qg6+ Kg8 36. Nh5 Bf8 37. Bxf6 Ne7 38. Bxe7 Qxf3 39. Bxf8 Qd1+ 40. Kh2 Kxf8 41. Qxg7+ Ke8 42. Nf6+ Kd8 43. Qf8+ Kc7 44. Qc5+ Kd8 45. Qxc4 Qf3 46. Qd4+ Ke7 47. Ne4 e5 48. Qxe5+ Kd8 49. Qf6+ Qxf6 50.
Nxf6 1-0

[Event "*** Titled Tuesday Blitz"]
[Site "Chess.com"]
[Date "2019.01.01"]
[Round "7"]
[White "Bryakin_Mikhail"]
[Black "Sunrise777"]
[Result "1-0"]
[WhiteElo "2696"]
[BlackElo "2648"]
[TimeControl "180+2"]
[EndTime "14:39:55 PST"]
[Termination "Bryakin_Mikhail won on time"]

1. d4 Nf6 2. c4 c5 3. d5 b5 4. cxb5 a6 5. e3 g6 6. Nc3 Bg7 7. e4 O-O 8. a4 e6 9. dxe6 fxe6 10. e5 Nh5 11. Nf3 Bb7 12. Qd6 axb5 13. Bxb5 Nf4 14. Bxf4 Rxf4 15. O-O-O Bf8 16. Qxe6+ dxe6 17. Rxd8 Nc6 18. Rxa8 Bxa8 19. Nd2 Nd4 20. f3 Bg7 21. Re1 Rh4 22. h3 Bh6 23. Kd1 Nxb5 24. axb5 Rb4 25. Kc2 Bxd2 26. Kxd2 Rxb2+ 27. Ke3 Rxg2 28. Ra1 Bd5 29.
Nxd5 exd5 30. Rb1 Ra2 31. b6 Ra3+ 32. Kf4 Ra8 33. b7 Rb8 34. e6 c4 35. Ke5 c3 36.
Kxd5 c2 37. Rc1 Rxb7 38. Rxc2 Kf8 39. Kd6 Rb6+ 40. Rc6 1-0

[Event "*** Titled Tuesday Blitz"]
[Site "Chess.com"]
[Date "2019.01.01"]
[Round "7"]
[White "Hrant_ChessMood"]
[Black "Kacparov"]
[Result "1/2-1/2"]
[WhiteElo "2947"]
[BlackElo "2766"]
[TimeControl "180+2"]
[EndTime "14:39:57 PST"]
[Termination "Game drawn by repetition"]

1. e4 c5 2. Nf3 e6 3. d4 cxd4 4. Nxd4 Nc6 5. Nc3 Qc7 6. Ndb5 Qb8 7. f4 a6 8. Nd4 b5 9. Be3 Bb7 10.
Bd3 Nf6 11. Qe2 Nxd4 12. Bxd4 Qxf4 13. Rf1 Qd6 14. Bg1 Qe5 15. O-O-O Rc8 16. Kb1 Bc5 17.
g4 Bxg1 18. Rxg1 b4 19. Na4 O-O 20. Nb6 Rc6 21. g5 Rxb6 22. gxf6 g6 23. Rdf1 Rb5 24. Bxb5 axb5 25. Qd2 Kh8 26. Qh6 Rg8 27. Rg4 Bxe4 28. Rfg1 Bf5 29. Rh4 g5 30. Rh5 Qc5 31. Rc1 Qe3 32. h4 b3 33. axb3 Bg6 34. Rxg5 Qf2 35. h5 Bxc2+ 36. Rxc2 Qf1+ 37. Rc1 Qd3+ 38. Rc2 Qf1+ 39.
Rc1 Qd3+ 40. Rc2 Qf1+ 41. Rc1 Qd3+ 42. Rc2 1/2-1/2

[Event "*** Titled Tuesday Blitz"]
[Site "Chess.com"]
[Date "2019.01.01"]
[Round "7"]
[White "vugarrasulov"]
[Black "champ2005"]
[Result "0-1"]
[WhiteElo "2780"]
[BlackElo "2644"]
[TimeControl "180+2"]
[EndTime "14:39:58 PST"]
[Termination "champ2005 won by resignation"]

1. e4 c6 2. Nc3 d5 3. Nf3 dxe4 4.
Nxe4 Nf6 5. Qe2 Nxe4 6. Qxe4 Qd5 7. Bd3 Qxe4+ 8. Bxe4 Nd7 9. d4 Nf6 10. Bd3 Bg4 11. Ne5 Be6 12. c3 g6 13. h3 Bg7 14.
Bf4 Nd7 15. Nxd7 Bxd7 16. O-O-O O-O 17. Rhe1 Rfe8 18. Be5 Bf5 19. Bxf5 gxf5 20. Bxg7 Kxg7 21. d5 c5 22. Re5 Kf6 23. f4 Rg8 24. Rd2 b6 25.
Kd1 Rad8 26. Ke1 Rd6 27. Kf2 h5 28. g3 e6 29. Kf3 b5 30. b3 c4 31. bxc4 bxc4 32.
Rd4 Rc8 33. Ke3 Rc7 34. dxe6 Rxd4 35. Kxd4 fxe6 36. Re3 Rc6 37. a4 Rc7 38. a5 Rc6 39. a6 Rxa6 40. Kxc4 Rb6 41. h4 a5 42. Re2 Rb7 43.
Ra2 Rg7 44. Rg2 e5 45. fxe5+ Ke6 46. Kb5 f4 47. c4 fxg3 48. c5 Kxe5 49. c6 Kf4 50.
Kb6 Kf3 51. Ra2 g2 52. Ra3+ Kf4 53. Ra4+ Ke5 54. Rxa5+ Kd6 55. Ra1 g1=Q+ 0-1

[Event "*** Titled Tuesday Blitz"]
[Site "Chess.com"]
[Date "2019.01.01"]
[Round "7"]
[White "Kangoroo3000"]
[Black "Zq1"]
[Result "0-1"]
[WhiteElo "2638"]
[BlackElo "2481"]
[TimeControl "180+2"]
[EndTime "14:40:00 PST"]
[Termination "Zq1 won by resignation"]

1. d4 Nf6 2. c4 a6 3. Nc3 c5 4. d5 b5 5. cxb5 axb5 6. Nxb5 Qa5+ 7. Nc3 Bb7 8. Bd2 Qb6 9. e4 e6 10. dxe6 fxe6 11. Bd3 Nc6 12. Nf3 Nb4 13. Bb1 Ba6 14.
Be3 Be7 15. Ne2 Ng4 16. Bf4 O-O 17. Bg3 c4 18. O-O Nd3 19. h3 Qxb2 20. Bxd3 cxd3 21. Nf4 Nf6 22. Nxd3 Qa3 23. Nde5 Bxf1 24. Qxf1 Nxe4 25. Nxd7 Nxg3 26. Qe1 Nf5 27. Qxe6+ Kh8 28. Nxf8 Rxf8 29. Rd1 Qa4 30. Rd7 Qf4 31. Rxe7 Nxe7 32. Qxe7 Qf7 33.
Qe2 Ra8 34. Ne5 Qxa2 35. Qe4 Rf8 36. Nf3 Qa7 37. Qb4 Re8 38. Qh4 h6 39. Qh5 Re2 40. Qg6 Qxf2+ 41. Kh1 Qf1+ 42. Kh2 Qxf3 43. Qe8+ Rxe8 0-1

[Event "*** Titled Tuesday Blitz"]
[Site "Chess.com"]
[Date "2019.01.01"]
[Round "7"]
[White "Rashad_Zeynalli"]
[Black "Raffael89"]
[Result "1-0"]
[WhiteElo "2429"]
[BlackElo "2197"]
[TimeControl "180+2"]
[EndTime "14:40:00 PST"]
[Termination "Rashad_Zeynalli won by resignation"]

1. e4 d5 2. exd5 Qxd5 3. Nc3 Qd8 4. d4 Nf6 5. Nf3 Bg4 6. h3 Bxf3 7. Qxf3 c6 8. Be3 e6 9. O-O-O Bb4 10. Ne4 Nxe4 11. Qxe4 Qd5 12. Qxd5 cxd5 13. f4 O-O 14. g4 Nd7 15. f5 exf5 16. gxf5 Rfe8 17. Bf2 a6 18. c3 Bd6 19. Bg2 Re2 20. Rhf1 Nb6 21. Bf3 Ree8 22.
Rde1 Kf8 23. Rg1 Rxe1+ 24. Rxe1 Re8 25. Rxe8+ Kxe8 26. Bh4 Be7 27. Bg3 Kd7 28. Bb8 Bd6 29. Ba7 Nc8 30. Bc5 Bxc5 31. dxc5 Kc6 32. b4 b6 33. cxb6 Nxb6 34. Kc2 Kd6 35. Be2 Ke5 36. Bxa6 Kxf5 37. Bb5 g5 38. a4 h5 39. a5 Na8 40.
Bd7+ Kf4 41. b5 g4 42. hxg4 hxg4 43. b6 f5 44. b7 Nc7 45. b8=Q g3 46. Qxc7+ Kf3 47.
Bxf5 g2 48. Qh2 Kf2 49. Bh3 1-0

[Event "*** Titled Tuesday Blitz"]
[Site "Chess.com"]
[Date "2019.01.01"]
[Round "7"]
[White "Alexey_Potapov"]
[Black "Korchmar_Vasiliy"]
[Result "1/2-1/2"]
[WhiteElo "2451"]
[BlackElo "2791"]
[TimeControl "180+2"]
[EndTime "14:40:01 PST"]
[Termination "Game drawn by repetition"]

1. c4 c5 2. Nf3 Nc6 3. Nc3 g6 4. g3 Bg7 5. Bg2 e5 6. d3 Nge7 7. Rb1 d6 8. a3 a5 9. O-O Be6 10.
Ng5 Bc8 11. Nd5 O-O 12. Nxe7+ Qxe7 13. Ne4 Be6 14. Nc3 Qd7 15. Nd5 Rab8 16. Bd2 b5 17. b3 f5 18. e3 g5 19. f4 exf4 20. gxf4 g4 21. Bc3 b4 22. Bxg7 Qxg7 23. Ra1 bxa3 24.
Rxa3 h5 25. Qa1 Qg6 26. Rxa5 Kh7 27. Ra6 Bxd5 28. Bxd5 Nb4 29. Ra7+ Kh6 30. e4 g3 31.
Rf3 gxh2+ 32. Kxh2 Nxd5 33. Rg3 Qf6 34. exd5 Qxa1 35.
Rxa1 Rxb3 36. Rag1 Rf6 37. Kh3 Rb2 38. Rg8 Kh7 39. Re8 Rf2 40. Kh4 Rh2+ 41. Kg3 Rd2 42. Re7+ Kh6 43. Kh4 Rf2 44. Kg3 Rd2 45. Kh4 Rh2+ 46.
Kg3 Rd2 47. Kh4 Rh2+ 48. Kg3 Rd2 49. Kh4 Rh2+ 1/2-1/2